 Dungeon Crawl Stone Soup version 0.29.1-12-g30fa7ad0bf (webtiles) character file.

Game seed: 9194247024971245064

12837 DoIIoM the Fighter (level 11, -22/81 HPs)
             Began as an Octopode Summoner on Jan 18, 2023.
             Was an Elder of Vehumet.
             Engulfed by their own flame (30 damage)
             ... on level 11 of the Dungeon.
             The game lasted 00:36:30 (11339 turns).

DoIIoM the Fighter (Octopode Summoner)             Turns: 11339, Time: 00:36:31

Health: -22/81     AC:  2    Str:  8    XL:     11   Next: 99%
Magic:  22/33      EV: 16    Int: 21    God:    Vehumet [****..]
Gold:   419        SH:  0    Dex: 13    Spells: 15/28 levels left

rFire   . . .      SeeInvis .   t - +4 trident of Trial by Ordeal {pain, rCorr}
rCold   + . .      Faith    .   (no shield)
rNeg    . . .      Spirit   .   i - +1 hat
rPois   .          Reflect  .   o - amulet of regeneration
rElec   .          Harm     .   n - ring of protection from cold
rCorr   +          Rampage  .   w - ring of magical power
Will    .....                   z - +4 ring of slaying
Stlth   +++.......              (no ring)
HPRegen 1.03/turn               (no ring)
MPRegen 0.23/turn               (no ring)
                                (no ring)
                                (no ring)

@: no status effects
A: almost no armour, amphibious, 8 rings, camouflage 1, gelatinous body 1,
(nimble swimmer 1), tentacles
a: Renounce Religion


You were on level 11 of the Dungeon.
You worshipped Vehumet.
Vehumet was greatly pleased with you.
You visited 2 branches of the dungeon, and saw 12 of its levels.

You collected 619 gold pieces.
You spent 200 gold pieces at shops.

Inventory:

Hand Weapons
 e - a +6 vampiric short sword
 t - the +4 trident of Trial by Ordeal (weapon) {pain, rCorr}
   (You found it on level 4 of the Dungeon)

   In the hands of one skilled in necromantic magic, it inflicts extra damage on
   living creatures.
   rCorr:     It protects you from acid and corrosion.
Armour
 i - a +1 hat (worn)
Magical Staves
 r - a staff of fire
Jewellery
 f - an amulet of reflection
 n - a ring of protection from cold (left tentacle)
 o - an amulet of regeneration (around mantle)
 w - a ring of magical power (right tentacle)
 z - a +4 ring of slaying (on tentacle)
Wands
 m - a wand of digging (9)
 p - a wand of charming (17)
 x - a wand of polymorph (7)
 A - a wand of mindburst (18)
 J - a wand of roots (1)
 K - a wand of light (1)
 N - a wand of flame (5)
Scrolls
 c - a scroll of enchant armour {unknown}
 g - a scroll of fear {unknown}
 h - a scroll of magic mapping {unknown}
 j - 5 scrolls of teleportation
 l - 3 scrolls of fog
 s - 2 scrolls of blinking {unknown}
 y - a scroll of brand weapon {unknown}
 C - 3 scrolls of amnesia {unknown}
 F - 2 scrolls of enchant weapon
 H - 2 scrolls of silence
 I - a scroll of noise {unknown}
 L - 2 scrolls of poison {unknown}
Potions
 a - 4 potions of magic
 b - a potion of cancellation
 d - a potion of attraction
 k - 2 potions of degeneration
 q - 2 potions of brilliance
 u - 2 potions of haste
 v - 5 potions of mutation
 B - a potion of flight
 D - 2 potions of invisibility
 E - 4 potions of might
 M - a potion of resistance {unknown}


   Skills:
 + Level 9.7 Fighting
 + Level 8.5 Dodging
 - Level 3.3 Stealth
 + Level 9.1 Spellcasting
 - Level 9.1 Summonings
 - Level 6.0 Air Magic


You had 15 spell levels left.
You knew the following spells:

 Your Spells              Type           Power      Damage    Failure   Level
a - Summon Small Mammal   Summ           100%       N/A       1%          1
b - Call Imp              Summ           47%        N/A       1%          2
c - Call Canine Familiar  Summ           47%        N/A       1%          3
d - Summon Lightning Spi  Summ/Air       41%        N/A       3%          4
e - Summon Guardian Gole  Hex/Summ       28%        N/A       3%          3

Your spell library contained the following spells:

 Spells                   Type           Power      Damage    Failure   Level
 Lee's Rapid Deconstruct  Erth           4%         3d6*      43%         5
 Magic Dart               Conj           36%        1d4       1%          1
 Static Discharge         Conj/Air       22%        3-6/arc   1%          2
 Mephitic Cloud           Conj/Pois/Air  18%        N/A       2%          3
 Ignite Poison            Fire/Tmut/Pois 9%         N/A       6%          3
 Apportation              Tloc           18%        N/A       7%          1
 Beastly Appendage        Tmut           18%        N/A       7%          1
 Necrotise                Necr           36%        1d5       7%          1
 Slow                     Hex            36%        N/A       7%          1
 Wereblood                Tmut           9%         N/A       11%         2
 Sticky Flame             Conj/Fire      9%         2d3       17%         4
 Confusing Touch          Hex            9%         N/A       22%         3
 Spider Form              Tmut/Pois      9%         N/A       22%         3
 Vampiric Draining        Necr           9%         2d6       22%         3
 Freezing Cloud           Conj/Ice/Air   9%         6-21      22%         5
 Summon Forest            Summ/Tloc      14%        N/A       30%         5
 Dispel Undead            Necr           9%         3d8       56%         4
 Summon Hydra             Summ           23%        N/A       82%         7
 Eringya's Noxious Bog    Tmut/Pois      4%         N/A       92%         6


Dungeon Overview and Level Annotations

Branches:
Dungeon (11/15)            Temple (1/1) D:6            Lair (0/5) D:9
    Orc: D:9-12

Altars:
Ashenzari
Cheibriados
Dithmenos
Elyvilon
Fedhas
Gozag
Kikubaaqudgha
Makhleb
Nemelex Xobeh
Okawaru
Qazlal
Ru
Sif Muna
Trog
Uskayaw
Vehumet
Wu Jian
Zin
The Shining One

Shops:
D:4 !=   D:8 [   D:11 *


Innate Abilities, Weirdness & Mutations

You cannot wear most types of armour.
You are amphibious.
You can wear up to eight rings at the same time.
Your skin changes colour to match your surroundings (Stealth+).
Your rubbery body absorbs attacks. (AC +1, EV +1)
((You are camouflaged when in or above water. (Stealth+)))
You have tentacles for arms and can constrict up to eight enemies at once.


Message History

Unknown command.
Casting: Summon Guardian Golem (mildly dangerous; 3% risk of failure)
Confirm with . or Enter, or press ? or * to list all spells.
You carefully extract the barbed spikes from your body.
The manticore flicks its tail.
The volley of spikes hits your guardian golem!
Your guardian golem is engulfed in blazing flames.
Your lightning spire shoots out a bolt of lightning at the manticore!
The bolt of electricity hits your guardian golem.
Your guardian golem resists.
The bolt of electricity hits the manticore!
Unknown command.
Your iron imp barely misses the manticore.
The manticore flicks its tail.
The volley of spikes hits your guardian golem!
Your guardian golem overheats!
Your lightning spire shoots out a bolt of lightning at the manticore!
The bolt of electricity hits your guardian golem.
Your guardian golem resists.
Flame seeps out of your guardian golem.
The bolt of electricity hits the manticore!
The manticore dies!
Vehumet accepts your kill.
You start resting.
Your guardian golem is engulfed in blazing flames.
Flame seeps out of your guardian golem.
Your guardian golem disappears in a puff of smoke!
Your guardian golem explodes!
The fiery explosion engulfs your wolf!!
The fiery explosion engulfs your iron imp.
Your iron imp completely resists.
The fiery explosion engulfs you!!
* * * LOW HITPOINT WARNING * * *
The fiery explosion engulfs your lightning spire.
Your lightning spire resists.
Your lightning spire is engulfed in blazing flames.
Okay, then.
Okay, then.
You feel better.
You are engulfed in blazing flames.
You die...

#.... ......
..........# #....
.....#########...#
.....#.......#...#
.......#...#
.......'...# #
.......#.### +.
.......#5#
####..#####...#.#######
......†h5@#####.......#
.......°§§§...........#
####...§§8............#
#..................#
#..................#
###................#
#................#
#................#
#################


You could see a friendly wolf (summoned, sheltered), a friendly lightning spire
(summoned, sheltered) and a friendly iron imp (summoned, sheltered, skewered).

Vanquished Creatures
  A boulder beetle (D:11)
  A deep troll (D:10)
  A komodo dragon (D:10)
  A troll (D:9)
  3 yaks (D:10)
  A wyvern (D:9)
  Menkaure (D:6)
  A water moccasin (D:5)
  4 kobold brigands
  A bullfrog (D:8)
  A wight (D:9)
  4 killer bees
  A nameless horror (D:9)
  2 orc priests (D:7)
  An iguana (D:4)
  Jessica (D:2)
  4 orc wizards
  A human simulacrum (D:9)
  3 adders
  An ufetubus (D:6)
  2 worms
  2 dart slugs (D:1)
  18 orcs
  9 ball pythons
  4 endoplasms
  2 giant cockroaches
  10 goblins
  3 hobgoblins
  2 jackals (D:2)
  16 kobolds
  5 quokkas
  3 bats
  A frilled lizard (D:3)
  4 rats
115 creatures vanquished.

Vanquished Creatures (collateral kills)
  A boulder beetle (D:11)
  Pikel (D:9)
  A manticore (D:11)
  Joseph (D:7)
  Maggie (D:7)
  A kobold demonologist (D:8)
  A troll (D:9)
  Prince Ribbit (D:8)
  Grinder (D:6)
  A shadow (D:11)
  13 yaks
  Eustachio (D:6)
  2 wyverns (D:9)
  A black bear (D:6)
  An orc warrior (D:7)
  A sky beast (D:6)
  2 wolves (D:9)
  3 centaurs
  2 lemures (D:9)
  6 kobold brigands (D:8)
  A necrophage (D:6)
  3 bullfrogs
  3 wights (D:9)
  13 killer bees
  A howler monkey (D:6)
  2 hounds (D:9)
  7 orc priests
  2 gnoll boudas
  2 iguanas
  7 orc wizards
  2 adders
  7 gnolls
  A shadow imp (D:6)
  25 orcs
  An endoplasm (D:2)
  A quokka (D:1)
  4 goblins
  11 kobolds
135 creatures vanquished.

Vanquished Creatures (others)
  A shadow (D:10)
  5 yaks
  An ice beast (D:7)
  4 wolves (D:9)
  A kobold brigand (D:7)
  A killer bee (D:11)
  An orc wizard (D:5)
  A human simulacrum (D:9)
  A kobold (D:7)
16 creatures vanquished.

Grand Total: 266 creatures vanquished

Notes
Turn   | Place    | Note
-------+----------+-------------------------------------------
     0 | D:1      | DoIIoM the Octopode Summoner began the quest for the Orb.
     0 | D:1      | Reached XP level 1. HP: 11/11 MP: 3/3
   114 | D:1      | Reached XP level 2. HP: 3/18 MP: 3/5
   567 | D:1      | Reached skill level 1 in Fighting
   578 | D:1      | Reached XP level 3. HP: 11/23 MP: 4/6
   582 | D:1      | Learned a level 2 spell: Call Imp
  1932 | D:2      | Noticed Jessica
  1937 | D:2      | Killed Jessica
  1938 | D:2      | Reached XP level 4. HP: 29/29 MP: 6/8
  1948 | D:2      | Learned a level 3 spell: Call Canine Familiar
  2427 | D:3      | Identified the +4 arbalest of Instinct {flame, Int+3}
  2483 | D:3      | Found a faded altar of an unknown god.
  2483 | D:3      | Noticed a green death
  2513 | D:3      | Reached XP level 5. HP: 34/34 MP: 9/9
  3252 | D:4      | Learned a level 4 spell: Summon Lightning Spire
  3273 | D:4      | Reached skill level 5 in Summonings
  3593 | D:4      | Found Wiufaaj's Jewellery Emporium.
  3646 | D:4      | Found Eczetig's Distillery.
  3841 | D:4      | Reached skill level 1 in Air Magic
  3841 | D:4      | Reached XP level 6. HP: 28/41 MP: 6/10
  3845 | D:4      | Identified the +4 trident of Trial by Ordeal {pain, rCorr}
  4139 | D:5      | Entered Level 5 of the Dungeon
  4473 | D:5      | Reached XP level 7. HP: 46/46 MP: 5/12
  4844 | D:4      | Bought a ring of magical power for 200 gold pieces
  5064 | D:6      | Found a staircase to the Ecumenical Temple.
  5087 | Temple   | Entered the Ecumenical Temple
  5093 | Temple   | Became a worshipper of Vehumet
  5173 | D:6      | Noticed Grinder
  5177 | D:6      | Noticed Menkaure
  5186 | D:6      | Killed Menkaure
  5189 | D:6      | Reached XP level 8. HP: 54/54 MP: 14/14
  5212 | D:6      | Killed Grinder
  5285 | D:6      | Learned a level 3 spell: Summon Guardian Golem
  5364 | D:6      | Noticed Eustachio
  5373 | D:6      | Killed Eustachio
  5935 | D:7      | Found a blossoming altar of Fedhas.
  6023 | D:7      | Reached skill level 5 in Spellcasting
  6023 | D:7      | Reached XP level 9. HP: 60/60 MP: 13/16
  6110 | D:7      | Noticed Joseph
  6123 | D:7      | Killed Joseph
  6124 | D:7      | Reached skill level 5 in Fighting
  6209 | D:7      | Reached * piety under Vehumet
  6209 | D:7      | Offered knowledge of Freeze by Vehumet.
  6486 | D:7      | Noticed Maggie
  6504 | D:7      | Killed Maggie
  6505 | D:7      | Reached skill level 5 in Air Magic
  6828 | D:7      | Reached ** piety under Vehumet
  6829 | D:7      | Offered knowledge of Poisonous Vapours by Vehumet.
  7291 | D:8      | Found an opulent altar of Gozag.
  7291 | D:8      | Found a sparkling altar of Nemelex Xobeh.
  7344 | D:8      | Noticed Prince Ribbit
  7350 | D:8      | Killed Prince Ribbit
  7351 | D:8      | Reached XP level 10. HP: 68/68 MP: 15/19
  7465 | D:8      | Found Japnono's Armour Boutique.
  7577 | D:8      | Noticed a kobold demonologist
  7580 | D:8      | Noticed a sixfirhy
  7605 | D:8      | Killed a kobold demonologist
  7681 | D:8      | Offered knowledge of Static Discharge by Vehumet.
  8161 | D:9      | Reached skill level 5 in Dodging
  8168 | D:9      | Reached *** piety under Vehumet
  8482 | D:9      | Noticed Pikel
  8501 | D:9      | Killed Pikel
  8612 | D:9      | Reached XP level 11. HP: 58/77 MP: 16/22
  8934 | D:9      | Found a staircase to the Lair.
  9103 | D:9      | Identified the +0 robe of Zuofomm {rElec rF+ Regen+}
  9365 | D:9      | Found a snail-covered altar of Cheibriados.
  9370 | D:9      | Found a glowing silver altar of Zin.
  9373 | D:9      | Found a glowing golden altar of the Shining One.
  9482 | D:10     | Entered Level 10 of the Dungeon
  9586 | D:10     | Offered knowledge of Sticky Flame by Vehumet.
  9628 | D:10     | Noticed a deep troll
  9638 | D:10     | Killed a deep troll
 10197 | D:10     | Reached **** piety under Vehumet
 10611 | D:11     | Offered knowledge of Lee's Rapid Deconstruction by Vehumet.
 10708 | D:11     | Noticed a boulder beetle
 10721 | D:11     | Killed a boulder beetle
 10869 | D:11     | Noticed a boulder beetle
 10897 | D:11     | Killed a boulder beetle
 11020 | D:11     | Found Zin's Purification Station.
 11023 | D:11     | Found a glowing silver altar of Zin.
 11329 | D:11     | Noticed a manticore
 11337 | D:11     | Killed a manticore
 11338 | D:11     | HP: 2/81 [themself (28)]
 11339 | D:11     | Engulfed by their own flame

Illustrated notes

Levels and vault maps discovered:
D:1:      shiori_arrival_elements, layout_basic
D:2:      layout_rooms, uniq_jessica
D:3:      layout_basic, dreamdust_ecumenical_altar_sealed_demon
D:4:      layout_cave_pools, serial_shops, nicolae_shop_crystal,
          nicolae_shop_hallway_stairs
D:5:      layout_basic, nrook_loot_triangle
D:6:      layout_cave_pools, minmay_temple_entry_tees, uniq_eustachio,
          uniq_grinder, uniq_menkaure
D:7:      layout_basic, fedhas_bush_and_centaur_altar, enter_bailey_5,
          uniq_joseph, uniq_maggie
D:8:      layout_basic, grunt_temple_overflow_opulence, serial_shops,
          nicolae_shop_window_shopping, special_room [special_room_kobold],
          uniq_prince_ribbit1
D:9:      layout_loops_ring, minmay_overflow_temple_star_quad, erik_lair_island,
          bh_circular_ruins, uniq_pikel
D:10:     dreamdust_cave_troll, layout_layer_cave
D:11:     layout_irregular_city, zin_purify, uniq_harold
Temple:   nicolae_temple_x_marks_the_god

Skill      XL: |  1  2  3  4  5  6  7  8  9 10 11 |
---------------+----------------------------------+-----
Stealth        | 3 |  3.3
Fighting       | 1 2 3 4 6 7 9 |  9.7
Spellcasting   | 3 4 5 6 7 9 |  9.1
Summonings     | 5 6 8 9 |  9.1
Air Magic      | 1 2 4 5 6 |  6.0
Dodging        | 4 6 8 |  8.5

Action                   |  1- 3 |  4- 6 |  7- 9 | 10-12 || total
-------------------------+-------+-------+-------+-------++-------
Melee: Unarmed           |    17 |       |       |       ||    17
       Constrict         |    13 |    20 |    11 |    10 ||    54
       Tentacles         |    12 |    14 |    11 |    13 ||    50
       Short sword       |    43 |    60 |       |       ||   103
       Punch             |       |     1 |     2 |       ||     3
       Trident           |       |    14 |    93 |   104 ||   211
 Cast: Summon Small Mamm |     3 |       |       |     3 ||     6
       Call Imp          |     1 |    11 |    15 |    18 ||    45
       Call Canine Famil |       |     9 |    22 |    24 ||    55
       Summon Lightning  |       |       |    22 |    30 ||    52
       Summon Guardian G |       |       |    13 |    26 ||    39
  Use: Scroll            |       |     7 |     9 |     3 ||    19
       Potion            |       |     2 |     5 |     1 ||     8
 Stab: Sleeping          |     5 |     7 |     4 |     1 ||    17
       Distracted        |       |     3 |       |     2 ||     5
Armor: Skin              |     3 |     9 |     3 |     8 ||    23
Dodge: Dodged            |    39 |    79 |    37 |    79 ||   234
